Map: Abyssal Reef LE

Players

Ziggy - Winner!

  • Race: Terran Terran
  • Spawn Location: 5:00

Allaryce

  • Race: Zerg Zerg
  • Spawn Location: 11:00

Event: WCS Montreal 2017

VOD

Have the link to the VOD?

Description

Time

  • Played on: Sept. 8, 2017, 12:39 p.m.
  • Length: 4:54

All games in this series

Show
View Real Time Build Order
Export as new Build Order

Ziggy Terran - Winner!

Build Orders:  

Get SALT Encoding   

  12  0:00  SCV  
  13  0:12  SCV  
  14  0:17  Supply Depot  
  14  0:24  SCV  
  15  0:39  SCV  
  15  0:40  Barracks  
  16  0:44  Refinery  
  16  0:51  SCV  
  17  1:00  Barracks  
  17  1:04  SCV  
  18  1:16  SCV  
  19  1:28  Reaper  
  19  1:29  Orbital Command  
  20  1:36  Barracks  
  20  1:44  Refinery  
  20  1:49  Reaper  
  20  1:54  Supply Depot  
  21  1:57  SCV  
  22  2:04  Reaper  
  24  2:15  SCV  
  24  2:21  Reaper  
  25  2:27  SCV  
  25  2:29  Reaper  
  27  2:39  Reaper  
  28  2:49  Command Center  
  28  2:53  Reaper  
  29  3:03  Supply Depot, Reaper  
  30  3:11  Reaper  
  31  3:25  SCV, Reaper  
  33  3:35  Reaper  
  34  3:43  Reaper  
  34  3:46  Command Center  
  35  3:52  SCV  
  36  3:57  Reaper  
  37  4:07  Orbital Command, Reaper  
  37  4:15  Reaper  
  38  4:22  SCV  
Show
View Real Time Build Order
Export as new Build Order

Allaryce Zerg 

Build Orders: Hatch First 

Get SALT Encoding   

  12  0:03  Drone  
  13  0:12  Overlord  
  13  0:24  Drone  
  14  0:31  Drone x2  
  16  0:36  Drone  
  17  0:55  Hatchery  
  16  0:59  Drone  
  16  1:02  Extractor  
  16  1:03  Drone  
  17  1:17  Spawning Pool  
  16  1:27  Drone  
  16  1:28  Drone  
  16  1:30  Drone  
  19  1:41  Overlord  
  19  1:53  Drone  
  20  2:02  Drone  
  20  2:04  Metabolic Boost  
  20  2:07  Queen  
  23  2:10  Zergling x2  
  23  2:15  Queen  
  26  2:18  Drone  
  27  2:24  Spore Crawler  
  25  2:32  Drone x3  
  25  2:36  Drone  
  28  2:40  Zergling x2  
  28  2:46  Queen  
  28  2:50  Zergling x4  
  31  2:59  Zergling x2  
  31  3:05  Evolution Chamber  
  30  3:06  Zergling x2  
  30  3:07  Zergling x2  
  30  3:24  Queen  
  31  3:39  Queen  
  32  3:42  Zergling x2  
  32  3:43  Zergling x4  
  32  3:44  Overlord x2  
  30  3:57  Zergling x10  
  23  4:25  Drone  
  21  4:34  Drone x2  
Tags
 
Add a new tag
Caveats
  • Supply blocks, unpowered buildings, or Contaminate may cause inaccurate times.
  • Supply counts are checked every 10 seconds.